 Dungeon Crawl Stone Soup version 0.20.1-1-g8b1a95d (webtiles) character file.

3644 Timinator the Martial Artist (level 9, -4/65 HPs)
             Began as a Vampire Monk on Sept 7, 2017.
             Was a High Priest of Nemelex Xobeh.
             Slain by a manticore (7 damage)
             ... on level 9 of the Dungeon.
             The game lasted 01:12:56 (4740 turns).

Timinator the Martial Artist (Vampire Monk)         Turns: 4740, Time: 01:12:57

Health: -4/65      AC: 12    Str: 10    XL:     9   Next: 88%
Magic:  12/12      EV: 15    Int: 12    God:    Nemelex Xobeh [*****.]
Gold:   319        SH:  0    Dex: 20    Spells: 8/8 levels left

rFire    . . .     SeeInvis +     - Unarmed
rCold    . . .     Gourm    .   (no shield)
rNeg     + . .     Faith    .   h - +0 ring mail
rPois    .         Spirit   .   (no helmet)
rElec    .         Reflect  .   e - +0 cloak
rCorr    .         Harm     .   D - +2 pair of gloves {archery}
MR       .....                  f - +1 pair of boots
Stlth    ++........             (no amulet)
Regen    0.2/turn               (no ring)
MPRegen  0.2/turn               (no ring)

@: no status effects
A: fangs 3, see invisible, unbreathing
a: Bat Form, Triple Draw, Deal Four, Stack Five, Renounce Religion


You were on level 9 of the Dungeon.
You worshipped Nemelex Xobeh.
Nemelex Xobeh was extremely pleased with you.
You were not thirsty.

You visited 1 branch of the dungeon, and saw 9 of its levels.
You also visited: Ossuary.

You collected 319 gold pieces.

Inventory:

Missiles
 s - 2 throwing nets
 N - 4 tomahawks
 O - 3 javelins (quivered)
Armour
 a - a +0 robe
 e - a +0 cloak (worn)
 f - a +1 pair of boots (worn)
 h - a +0 ring mail (worn)
 D - a +2 pair of gloves of archery (worn)
 E - the +2 pair of boots "Ceczus" {rElec rN++ Int-5 Stlth+}
   (You found it on level 6 of the Dungeon)

   It affects your intelligence (-5).
   It insulates you from electricity.
   It greatly protects you from negative energy.
   It makes you more stealthy.
Wands
 B - a wand of clouds (3/9)
 J - a wand of digging (10/24)
 K - a wand of disintegration (13/24)
Scrolls
 i - 3 scrolls of fog {unknown}
 k - 10 scrolls of identify
 o - a scroll of blinking {unknown}
 q - 2 scrolls of recharging
 r - a scroll of fear {unknown}
 t - 3 scrolls of remove curse {unknown}
 v - 2 scrolls of random uselessness {unknown}
 w - 2 scrolls of immolation {unknown}
 x - a scroll of enchant weapon {unknown}
 y - 3 scrolls of summoning {unknown}
 A - a scroll of noise {unknown}
 P - a scroll of enchant armour {unknown}
Potions
 b - 21 potions of blood
 c - 4 potions of lignification {unknown}
 d - a potion of berserk rage
 g - a potion of agility {unknown}
 j - a potion of resistance {unknown}
 l - 4 potions of curing
 m - 3 potions of heal wounds {unknown}
 z - 2 potions of cancellation {unknown}
 C - 3 potions of invisibility {unknown}
 H - 3 potions of haste {unknown}
 I - a potion of mutation {unknown}
 L - a potion of brilliance {unknown}
Books
 G - a book of Frost

   Spells                             Type                      Level
   a - Freeze                         Ice                          1
   b - Throw Frost                    Conjuration/Ice              2
   c - Ozocubu's Armour               Charms/Ice                   3
   d - Throw Icicle                   Conjuration/Ice              4
   e - Summon Ice Beast               Ice/Summoning                4
Miscellaneous
 n - a plain deck of escape {drawn: 1}
 u - a legendary deck of summoning
 F - a plain deck of destruction {drawn: 4}
 M - an ornate deck of escape {drawn: 1}
 Q - a plain deck of destruction


   Skills:
 + Level 3.6 Fighting
 - Level 4.1 Armour
 * Level 7.0 Dodging
 - Level 3.0 Stealth
 + Level 11.2 Unarmed Combat
 * Level 5.3 Invocations


You had 8 spell levels left.
You didn't know any spells.

Dungeon Overview and Level Annotations

Branches:
Dungeon (9/15)
 Temple: D:4-7         Lair: D:8-11         Orc: D:9-12

Altars:
Elyvilon
Kikubaaqudgha
Makhleb
Nemelex Xobeh
Okawaru
Qazlal
Ru
Trog
Xom
Zin

Shops:
D:8 (


Innate Abilities, Weirdness & Mutations

You have razor-sharp teeth.
You have supernaturally acute eyesight. (SInv)
You can survive without breathing.


Message History

The manticore bites you. The manticore closely misses you.
The manticore barely misses you.
You closely miss the manticore.
The manticore is heavily wounded.
The manticore bites you!
The manticore claws you but does no damage. x2
Evoke which item? (* to show all) (? for menu, Esc to quit)
You draw a card...
It is the Elixir.
You begin rapidly regenerating magic.
The manticore bites you!
* * * LOW HITPOINT WARNING * * *
The manticore claws you.
* * * LOW HITPOINT WARNING * * *
The manticore barely misses you.
Okay, then.
You draw a card...
It is the Cloud.
Clouds appear around you! The manticore bites you!
* * * LOW HITPOINT WARNING * * *
The manticore barely misses you. The manticore claws you!
You die...
Your body glows with a rainbow of weird colours and disappears.

#..............
##.............
##............ ###
###..........
###..#####...........
##............#.......
..........#######.....
.........../## ###..
.......@§§...# ##
.......§H§....#
.......§§§......
................#
..............###
###......$..###
####../.### ######


You could see a manticore.

Vanquished Creatures
  Maurice (D:8)
  A troll (D:9)
  Grinder (D:8)
  Sigmund (D:2)
  A water moccasin (D:7)
  2 black bears (D:7)
  An ice beast (D:8)
  A centaur (D:5)
  An ogre (D:4)
  4 bullfrogs
  A water moccasin zombie (Ossuary)
  4 wights (D:6)
  A howler monkey (D:6)
  2 crimson imps
  A bullfrog zombie (D:6)
  A centaur zombie (D:5)
  2 hounds (D:5)
  2 jellies
  A bullfrog skeleton (D:5)
  A centaur skeleton (D:8)
  2 iguanas (D:8)
  6 worker ants
  A mummy (Ossuary)
  A howler monkey skeleton (D:5)
  7 adders
  A shadow imp (D:7)
  2 oozes
  An adder skeleton (D:6)
  2 adder zombies (Ossuary)
  4 dart slugs
  6 leopard geckos
  10 orcs
  A ball python (D:2)
  A giant cockroach (D:1)
  5 goblins
  5 hobgoblins
  8 jackals
  2 quokkas (D:6)
  4 bats
  5 frilled lizards
  4 gnoll zombies (Ossuary)
  2 hobgoblin zombies (Ossuary)
  4 kobolds
  3 kobold zombies (Ossuary)
  2 orc zombies (Ossuary)
  A quokka skeleton (D:8)
  5 rats
  2 withered plants (D:8)
127 creatures vanquished.

Vanquished Creatures (collateral kills)
  2 two-headed ogres
  The ghost of drpain the Nimble, an amateur SpAs (D:5)
  A hungry ghost (D:9)
  An ogre (D:9)
  2 water moccasin zombies (Ossuary)
  2 orc priests
  An orc wizard (D:9)
  A big kobold zombie (Ossuary)
  A mummy (Ossuary)
  2 adder zombies (Ossuary)
  3 orcs
  A ball python (D:8)
  A gnoll zombie (Ossuary)
  3 hobgoblin zombies (Ossuary)
  2 orc zombies (Ossuary)
24 creatures vanquished.

Vanquished Creatures (others)
  A kobold zombie (Ossuary)
  A rat (D:3)
2 creatures vanquished.

Grand Total: 153 creatures vanquished

Notes
Turn   | Place    | Note
-------+----------+-------------------------------------------
     0 | D:1      | Timinator the Vampire Monk began the quest for the Orb.
     0 | D:1      | Reached XP level 1. HP: 17/17 MP: 1/1
   459 | D:1      | Reached XP level 2. HP: 21/23 MP: 2/2
   974 | D:2      | Noticed Sigmund
   990 | D:2      | Killed Sigmund
   990 | D:2      | Reached skill level 1 in Armour
   990 | D:2      | Reached skill level 5 in Unarmed Combat
   990 | D:2      | Reached XP level 3. HP: 16/29 MP: 3/3
   990 | D:2      | Reached XP level 4. HP: 19/35 MP: 4/4
   990 | D:2      | Reached XP level 5. HP: 22/41 MP: 5/5
  1261 | D:2      | Found a sparkling altar of Nemelex Xobeh.
  1269 | D:2      | Became a worshipper of Nemelex Xobeh the Trickster
  1269 | D:2      | Received a gift from Nemelex Xobeh
  1269 | D:2      | Received a gift from Nemelex Xobeh
  1269 | D:2      | Reached * piety under Nemelex Xobeh
  1269 | D:2      | Received a gift from Nemelex Xobeh
  1269 | D:2      | Received a gift from Nemelex Xobeh
  1269 | D:2      | Reached ** piety under Nemelex Xobeh
  1631 | D:3      | Found a stormy altar of Qazlal.
  1766 | D:3      | Found a burning altar of Makhleb.
  1769 | D:3      | Noticed an Executioner
  1770 | D:3      | Found a glowing silver altar of Zin.
  1771 | D:3      | Noticed an angel
  1795 | D:3      | Received a gift from Nemelex Xobeh
  1964 | D:4      | Reached XP level 6. HP: 45/47 MP: 6/6
  2038 | D:4      | Found a sand-covered staircase.
  2043 | Ossuary  | Entered an ossuary
  2097 | Ossuary  | Noticed a wyvern
  2105 | Ossuary  | Reached skill level 1 in Invocations
  2242 | Ossuary  | Reached skill level 6 in Unarmed Combat
  2292 | Ossuary  | Reached XP level 7. HP: 52/52 MP: 8/8
  2394 | D:4      | Reached *** piety under Nemelex Xobeh
  2475 | D:5      | Entered Level 5 of the Dungeon
  2534 | D:5      | Received a gift from Nemelex Xobeh
  2570 | D:5      | Noticed drpain's ghost (amateur SpAs)
  2585 | D:5      | Killed drpain's ghost
  2774 | D:5      | Reached skill level 7 in Unarmed Combat
  3060 | D:6      | Found an iron altar of Okawaru.
  3108 | D:6      | Reached XP level 8. HP: 42/58 MP: 10/10
  3242 | D:6      | Got a pair of scorched boots
  3243 | D:6      | Identified the +2 pair of boots "Ceczus" {rElec rN++ Int-5 Stlth+} (You found it on level 6 of the Dungeon)
  3271 | D:6      | Reached skill level 5 in Dodging
  3368 | D:6      | Reached skill level 8 in Unarmed Combat
  3520 | D:6      | Found a sparkling altar of Nemelex Xobeh.
  3708 | D:7      | Received a gift from Nemelex Xobeh
  3772 | D:7      | Reached **** piety under Nemelex Xobeh
  3990 | D:7      | Found a bloodstained altar of Trog.
  4009 | D:7      | Reached skill level 9 in Unarmed Combat
  4114 | D:8      | Found Micwuz's Antique Weapon Shop.
  4135 | D:8      | Found a shimmering altar of Xom.
  4135 | D:8      | Found a shimmering altar of Xom.
  4135 | D:8      | Found a shimmering altar of Xom.
  4135 | D:8      | Found a shimmering altar of Xom.
  4137 | D:8      | Found a shimmering altar of Xom.
  4163 | D:8      | Noticed Grinder
  4176 | D:8      | Killed Grinder
  4176 | D:8      | Reached XP level 9. HP: 64/64 MP: 12/12
  4311 | D:8      | Found a sacrificial altar of Ru.
  4319 | D:8      | Noticed Maurice
  4371 | D:8      | Killed Maurice
  4371 | D:8      | Reached skill level 10 in Unarmed Combat
  4391 | D:8      | Found a shimmering altar of Xom.
  4391 | D:8      | Found a shimmering altar of Xom.
  4443 | D:8      | Noticed a two-headed ogre
  4452 | D:8      | Killed a two-headed ogre
  4520 | D:8      | Found an ancient bone altar of Kikubaaqudgha.
  4551 | D:8      | Received a gift from Nemelex Xobeh
  4583 | D:9      | Reached ***** piety under Nemelex Xobeh
  4583 | D:9      | Noticed a troll
  4589 | D:9      | Killed a troll
  4618 | D:9      | Noticed a two-headed ogre
  4626 | D:9      | Killed a two-headed ogre
  4626 | D:9      | Reached skill level 11 in Unarmed Combat
  4626 | D:9      | Reached skill level 5 in Invocations
  4709 | D:9      | Found a white marble altar of Elyvilon.
  4730 | D:9      | Noticed a manticore
  4740 | D:9      | HP: 3/65 [manticore (12)]
  4740 | D:9      | Slain by a manticore

Skill      XL: |  1  2  3  4  5  6  7  8  9 |
---------------+----------------------------+-----
Dodging        | 4 5 7 |  7.0
Fighting       | 3 |  3.6
Armour         | 1 2 3 4 |  4.1
Unarmed Combat | 5 6 7 9 11 | 11.2
Invocations    | 1 2 4 5 |  5.3
Stealth        | |  3.0

Action                   |  1- 3 |  4- 6 |  7- 9 || total
-------------------------+-------+-------+-------++-------
Melee: Unarmed           |    63 |   162 |   371 ||   596
       Bite              |     8 |    20 |    45 ||    73
       Punch             |     1 |     9 |    15 ||    25
Evoke: Deck              |       |    11 |    12 ||    23
  Use: Scroll            |     1 |       |     3 ||     4
       Potion            |     1 |     2 |     4 ||     7
 Stab: Sleeping          |     3 |     4 |     3 ||    10
       Distracted        |       |     1 |     1 ||     2
  Eat: Corpse            |     5 |     5 |     8 ||    18
Armor: Robe              |     4 |       |       ||     4
       Ring mail         |     9 |    43 |   137 ||   189
Dodge: Dodged            |    27 |    79 |   183 ||   289
